 Dungeon Crawl Stone Soup version 0.19.4-12-gccf7e64 (webtiles) character file.

13380 vijoc the Brawler (level 11, -2/147 HPs)
             Began as a Troll Berserker on Feb 26, 2017.
             Was a High Priest of Trog.
             Slain by a troll (11 damage)
             ... on level 1 of the Orcish Mines.
             The game lasted 00:53:01 (10271 turns).

vijoc the Brawler (Troll Berserker)                Turns: 10271, Time: 00:53:02

Health: -2/147     AC:  5    Str: 35    XL:     11   Next: 74%
Magic:  10/10      EV:  9    Int:  3    God:    Trog [*****.]
Gold:   754        SH: 11    Dex: 11    Spells: 0 memorised, 10 levels left

rFire  + . .     SeeInvis .       - Unarmed
rCold  x . .     Gourm    +     a - +0 animal skin
rNeg   . . .     Faith    .     u - +0 shield
rPois  .         Spirit   .     (helmet restricted)
rElec  .         Reflect  .     (no cloak)
rCorr  +         Harm     .     (gloves unavailable)
MR     .....                    (boots unavailable)
Stlth  ..........               Q - amulet of magic regeneration
                                W - ring of fire
                                r - ring of resist corrosion

@: berserking, drained, very quick
A: unfitting armour, claws 3, talons 1, fast metabolism 3, gourmand,
regeneration 1, shaggy fur 1, strong 1, tough skin 2, wild magic 1
a: Berserk, Trog's Hand, Brothers in Arms, Burn Spellbooks, Renounce Religion


You were on level 1 of the Orcish Mines.
You worshipped Trog.
Trog was extremely pleased with you.
You were very full.

You visited 2 branches of the dungeon, and saw 13 of its levels.

You collected 874 gold pieces.
You spent 120 gold pieces at shops.

Inventory:

Hand Weapons
 M - a +2 antimagic quarterstaff
 S - a +0 short sword
 V - a +3 antimagic falchion
 X - a +0 war axe of draining
Missiles
 e - 321 stones (quivered)
 T - 12 poisoned needles
Armour
 a - a +0 animal skin (worn)
 q - a +0 animal skin
 u - a +0 shield (worn)
Magical Staves
 C - an uncursed staff of summoning {unknown}
Jewellery
 r - a ring of resist corrosion (left claw)
 Q - an amulet of magic regeneration (around neck)
 W - a ring of fire (right claw)
Wands
 G - a wand of flame (30/48)
 J - a wand of flame (14/48)
 P - a wand of flame (10/48)
Scrolls
 f - 3 scrolls of fog
 g - 2 scrolls of amnesia
 i - 3 scrolls of noise
 j - 4 scrolls of identify
 l - 4 scrolls of recharging {unknown}
 o - 5 scrolls of teleportation
 p - 2 scrolls of enchant armour {unknown}
 s - 2 scrolls of magic mapping {unknown}
 v - 3 scrolls of immolation
 x - 3 scrolls of enchant weapon
 y - 2 scrolls of remove curse
 I - a scroll of random uselessness {unknown}
 L - a scroll of blinking {unknown}
Potions
 c - 3 potions of curing
 h - 2 potions of flight {unknown}
 k - 3 potions of ambrosia {unknown}
 n - 2 potions of magic {unknown}
 w - 3 potions of degeneration {unknown}
 z - 2 potions of might {unknown}
 A - 2 potions of haste {unknown}
 B - a potion of lignification {unknown}
 D - 2 potions of resistance
 F - a potion of agility
 H - 2 potions of heal wounds {unknown}
 R - a potion of invisibility {unknown}
 U - a potion of mutation {unknown}
Books
 K - a book of Necromancy

   Spells                             Type                      Level
   a - Pain                           Necromancy                   1
   b - Animate Skeleton               Necromancy                   1
   c - Vampiric Draining              Necromancy                   3
   d - Regeneration                   Charms/Necromancy            3
   e - Animate Dead                   Necromancy                   4
   f - Control Undead                 Necromancy                   4
   Trog disapproves of the use of such an item.
Comestibles
 b - 6 bread rations
 d - 5 meat rations
 m - 3 beef jerkies
 t - a royal jelly
 E - a slice of pizza
 N - 13 chunks of flesh
 O - 24 fruits


   Skills:
 + Level 3.8(3.3) Fighting
 - Level 2.6(2.1) Dodging
 + Level 5.4(4.9) Shields
 * Level 16.6(15.9) Unarmed Combat


You had 10 spell levels left.
You didn't know any spells.

Dungeon Overview and Level Annotations

Branches:
Dungeon (11/15)            Temple (0/1) D:6            Lair (0/6) D:11
    Orc (2/2) D:11
    Elf: Orc:2

Altars:
Cheibriados
Gozag
Nemelex Xobeh
Ru
Sif Muna
Trog
Xom
Yredelemnul
Beogh

Shops:
D:4 ?   D:8 *


Innate Abilities, Weirdness & Mutations

You are too large for most types of armour.
You have claws for hands.
Your metabolism is lightning-fast.
You like to eat raw meat.
Your natural rate of healing is unusually fast.
You are covered in fur. (AC +1)
You have very tough skin. (AC +2)
You have sharp toenails.
Your muscles are strong. (Str +2)
Your spells are a little harder to cast, but a little more powerful.


Message History

* * * LOW HITPOINT WARNING * * *
You block the ogre's attack.
You closely miss the ogre. You claw the ogre.
You kill the ogre!
Trog accepts your kill. You block the orc's attack.
You block the warg's attack.
You scratch the troll. Your kick misses the troll.
The troll is moderately wounded.
You block the troll's attack. x2; The troll claws you!
* * * LOW HITPOINT WARNING * * *
The warg bites you.
* * * LOW HITPOINT WARNING * * *
You closely miss the troll.
The troll is moderately wounded.
You block the orc's attack.
Your shield prevents you from hitting the troll.
You claw the troll!
The troll is severely wounded.
The troll bites you!
You die...

###..........#...##.
##............##.....
##...#.........#...##.
#....###...).......###
###...[#.....#.....##..
##.#...[.#.###..........
#....#..[...##..........
##..##o.รท..#.#..###....#
#....#T@).###...........
##....h#### ###.........
###....# #.........
#...## ###.........
##.#######...........
###.##.#.#..###..#.#
###......##...#...###
##..#.##.####.....##
##.....#### ##......##


You could see a troll, a warg and an orc.

Vanquished Creatures
  A stone giant (D:11)
  Josephine (D:10)
  Urug (D:10)
  2 hill giants
  An orc knight (Orc:1)
  A cyclops (D:11)
  Maurice (D:10)
  2 kobold demonologists (D:11)
  A troll (D:9)
  A hornet (D:11)
  5 two-headed ogres
  A hippogriff (D:8)
  3 wraiths (D:10)
  A warg (Orc:1)
  Menkaure (D:6)
  Duvessa (D:7)
  9 orc warriors
  2 ice beasts
  A black bear (D:9)
  4 phantoms
  4 sky beasts
  A centaur (D:8)
  4 ogres
  A crocodile (D:11)
  5 big kobolds
  5 bullfrogs
  Dowan (D:7)
  2 water moccasin zombies
  3 scorpions
  9 wights
  5 killer bees (D:11)
  A howler monkey (D:7)
  A bullfrog zombie (D:7)
  A crimson imp (D:6)
  A quasit (D:10)
  2 centaur zombies
  6 hounds
  3 jellies
  12 orc priests
  10 orc wizards
  2 bullfrog skeletons
  3 iguanas
  7 worker ants
  3 hound zombies
  A hound skeleton (D:7)
  Robin (D:2)
  16 adders
  2 shadow imps
  An ooze (D:3)
  3 worms (D:3)
  A dart slug (D:3)
  4 leopard geckos
  59 orcs
  2 ball pythons
  7 giant cockroaches
  16 goblins
  14 hobgoblins
  10 jackals
  8 quokkas
  5 bats
  4 frilled lizards
  13 kobolds
  13 rats
  A plant (D:11)
313 creatures vanquished.

Vanquished Creatures (others)
  3 fungi (D:11)
  2 plants (D:11)
5 creatures vanquished.

Grand Total: 318 creatures vanquished

Notes
Turn   | Place    | Note
-------+----------+-------------------------------------------
     0 | D:1      | vijoc the Troll Berserker began the quest for the Orb.
     0 | D:1      | Reached XP level 1. HP: 22/22 MP: 0/0
   163 | D:1      | Reached XP level 2. HP: 29/29 MP: 1/1
   487 | D:2      | Reached ** piety under Trog
   487 | D:2      | Reached XP level 3. HP: 36/36 MP: 2/2
   518 | D:2      | Reached skill level 4 in Unarmed Combat
   547 | D:2      | Noticed Robin
   591 | D:2      | Killed Robin
   591 | D:2      | Reached XP level 4. HP: 36/44 MP: 3/3
   845 | D:2      | Found a deep blue altar of Sif Muna.
   875 | D:2      | Found a bloodstained altar of Trog.
  1183 | D:3      | Reached skill level 5 in Unarmed Combat
  1220 | D:3      | Reached *** piety under Trog
  1482 | D:3      | Reached XP level 5. HP: 45/50 MP: 4/4
  1815 | D:3      | Reached skill level 6 in Unarmed Combat
  1864 | D:3      | Reached XP level 6. HP: 53/59 MP: 5/5
  1973 | D:4      | Found Elievonga's Magic Scroll Emporium.
  2032 | D:4      | Reached skill level 1 in Shields
  2032 | D:4      | Reached skill level 7 in Unarmed Combat
  2088 | D:4      | Found an opulent altar of Gozag.
  2124 | D:4      | Reached XP level 7. HP: 37/66 MP: 6/6
  2379 | D:4      | Bought a scroll of remove curse for 36 gold pieces
  2514 | D:5      | Entered Level 5 of the Dungeon
  2523 | D:5      | Reached skill level 8 in Unarmed Combat
  2652 | D:5      | Reached **** piety under Trog
  3275 | D:6      | Reached skill level 9 in Unarmed Combat
  3376 | D:6      | Reached XP level 8. HP: 72/74 MP: 7/7
  3434 | D:6      | Found a staircase to the Ecumenical Temple.
  4132 | D:6      | Found a snail-covered altar of Cheibriados.
  4140 | D:6      | Found a sacrificial altar of Ru.
  4273 | D:7      | Noticed Menkaure
  4273 | D:7      | Noticed Duvessa
  4273 | D:7      | Noticed Dowan
  4282 | D:6      | Killed Menkaure
  4282 | D:6      | Reached skill level 10 in Unarmed Combat
  4360 | D:7      | Killed Duvessa
  4367 | D:7      | Killed Dowan
  4607 | D:7      | Gained mutation: You have sharp toenails. [mutagenic meat]
  4611 | D:7      | Gained mutation: Your muscles are strong. (Str +2) [mutagenic meat]
  4612 | D:7      | Gained mutation: Your spells are a little harder to cast, but a little more powerful. [mutagenic meat]
  4802 | D:7      | Reached skill level 11 in Unarmed Combat
  4985 | D:7      | Reached XP level 9. HP: 78/81 MP: 8/8
  5433 | D:8      | Found a shimmering altar of Xom.
  5515 | D:8      | Reached skill level 12 in Unarmed Combat
  5569 | D:8      | Reached ***** piety under Trog
  5709 | D:8      | Found a sparkling altar of Nemelex Xobeh.
  5744 | D:8      | Found a basalt altar of Yredelemnul.
  5840 | D:8      | Found Vyityrgh's General Store.
  5843 | D:8      | Bought a scroll of teleportation for 36 gold pieces
  5843 | D:8      | Bought a potion of agility for 48 gold pieces
  6365 | D:9      | Reached skill level 13 in Unarmed Combat
  6408 | D:9      | Reached XP level 10. HP: 39/91 MP: 9/9
  7060 | D:10     | Entered Level 10 of the Dungeon
  7096 | D:10     | Noticed Josephine
  7111 | D:10     | Killed Josephine
  7111 | D:10     | Reached skill level 14 in Unarmed Combat
  7113 | D:10     | Received a gift from Trog
  7252 | D:10     | Noticed a hill giant
  7262 | D:10     | Killed a hill giant
  7615 | D:10     | Noticed Urug
  7622 | D:10     | Noticed Maurice
  7626 | D:10     | Killed Urug
  7626 | D:10     | Reached skill level 15 in Unarmed Combat
  7626 | D:10     | Reached XP level 11. HP: 37/97 MP: 10/10
  7756 | D:10     | Killed Maurice
  8187 | D:11     | Found a staircase to the Lair.
  8245 | D:11     | Received a gift from Trog
  8454 | D:11     | Noticed a hill giant
  8460 | D:11     | Killed a hill giant
  8731 | D:11     | Found a staircase to the Orcish Mines.
  8997 | Orc:1    | Entered Level 1 of the Orcish Mines
  8998 | Orc:1    | Reached skill level 5 in Shields
  8998 | Orc:1    | Reached skill level 16 in Unarmed Combat
  9149 | Orc:1    | Found a roughly hewn altar of Beogh.
  9451 | Orc:1    | Noticed a stone giant
  9587 | Orc:1    | Noticed an orc knight
  9628 | D:11     | Killed a stone giant
  9742 | Orc:1    | Killed an orc knight
 10146 | Orc:2    | Entered Level 2 of the Orcish Mines
 10146 | Orc:2    | Noticed an orc warlord
 10271 | Orc:1    | Slain by a troll

Skill      XL: |  1  2  3  4  5  6  7  8  9 10 11 |
---------------+----------------------------------+-----
Unarmed Combat | 4 5 6 7 9 11 13 15 16 | 16.6
Shields        | 1 2 3 4 5 |  5.4
Fighting       | 3 |  3.8
Dodging        | |  2.6

Action                   |  1- 3 |  4- 6 |  7- 9 | 10-12 || total
-------------------------+-------+-------+-------+-------++-------
Melee: Unarmed           |   109 |   213 |   300 |   361 ||   983
       Punch             |     1 |     3 |       |       ||     4
       Kick              |       |       |    41 |   110 ||   151
Invok: Berserk           |       |       |     2 |     3 ||     5
       Trog's Hand       |       |       |       |     1 ||     1
  Use: Scroll            |       |     2 |     1 |     6 ||     9
 Stab: Sleeping          |     1 |       |     1 |       ||     2
  Eat: Chunk             |    11 |    14 |    42 |    40 ||   107
Armor: Animal skin       |    31 |    52 |    58 |    59 ||   200
Dodge: Dodged            |    44 |    92 |    60 |    71 ||   267
Block: Shield            |       |    26 |   104 |   160 ||   290
